Influenza vs Atomiques
(R2)
Created - 5 novembre 2016 at 20:17
Goals
|
| Influenza |
1 |
1 |
0 |
2 |
| Atomiques |
1 |
1 |
4 |
6 |
|
Shots
|
| Influenza |
11 |
10 |
1 |
22 |
| Atomiques |
9 |
9 |
14 |
32 |
|
1st period
1. Influenza , T.J Galiardi 3 (Carl Gunnarsson, Oskars Bartulis) at 9:19
2. Atomiques , Tyler Brenner 5 (Branko Radivojevic, Alexander Sulzer) at 10:48 (PP)
Penalties :
Martins Karsums (VJB) for High sticking (Minor) at 5:02, Matt Corrente (VJB) for Hooking (Minor) at 10:37, Andrew Kozek (STB) for Holding (Minor) at 15:57, John McCarthy (STB) for Hooking (Minor) at 18:30
2nd period
3. Atomiques , Ryan Shannon 8 (Shawn Belle) at 0:37
4. Influenza , Corey Tropp 2 (Jeff May, Carl Gunnarsson) at 13:28
Penalties :
Jamie Benn (VJB) for Holding (Minor) at 2:13, Mathieu Carle (VJB) for Hooking (Minor) at 9:31, Mark Scheifele (VJB) for Hooking (Minor) at 15:11, Ben Smith (VJB) for Interference (Minor) at 19:25
3rd period
5. Atomiques , Branko Radivojevic 2 (Alexander Sulzer, Jeremy Smith) at 0:16 (PP)
6. Atomiques , Marc-André Cliche 2 (Branko Radivojevic) at 2:49
7. Atomiques , Kenndal McArdle 4 (Branko Radivojevic) at 5:28
8. Atomiques , Sean Couturier 4 (Marc-André Cliche) at 11:16
Penalties :
Branko Radivojevic (STB) for Hooking (Minor) at 0:35, Matt Corrente (VJB) for Tripping (Minor) at 2:52, Shawn Belle (STB) for Elbowing (Minor) at 5:38, Andrew Kozek (STB) for High sticking (Minor) at 8:09, Ryan Shannon (STB) for Hooking (Minor) at 11:50, Alexander Sulzer (STB) for Fighting (Major) at 15:20, Mark Scheifele (VJB) for Fighting (Major) at 15:20, Alexander Sulzer (STB) for instigated a fight (Minor) at 15:20, Alexander Sulzer (STB) for instigated a fight (10 Minutes Misconduct) at 15:20, Martins Karsums (VJB) for Hooking (Minor) at 15:47, Martins Karsums (VJB) for Hooking (Minor) at 17:57
Goalie Stats
Thomas McCollum (VJB), 26 saves from 32 shots - (0,813), L, 1-2-1, 60:00 minutes
Jeremy Smith (STB), 20 saves from 22 shots - (0,909), W, 1-0-0, 60:00 minutes
Players Stats for Influenza
Player Name G A P +/- PIM S H SB GA TA FO MP PP MP PK MP
------------------------------------------------------------------------------------
Ben Smith 0 0 0 0 2 1 3 0 1 0 1/2 21:06 6:50 3:54
Carl Gunnarsson 0 2 2 0 0 3 0 1 1 0 0/0 24:54 3:54 5:52
Charlie Coyle 0 0 0 0 0 0 0 0 0 0 3/8 6:56 0:00 0:23
Corey Tropp 1 0 1 0 0 2 0 0 0 0 0/0 7:25 0:03 0:00
Evgeny Grachev 0 0 0 -1 0 1 1 0 0 0 5/7 7:24 0:00 0:00
Jamie Benn 0 0 0 0 2 3 1 0 0 0 8/13 23:58 6:38 5:53
Jeff May 0 1 1 -1 0 1 3 0 0 1 0/0 20:43 3:54 5:21
Jeremy Morin 0 0 0 0 0 1 0 1 0 0 0/0 8:06 0:16 0:09
Mark Scheifele 0 0 0 -1 7 2 2 0 1 0 12/19 16:39 5:17 0:54
Martins Karsums 0 0 0 -2 6 1 1 0 0 0 1/1 13:50 5:24 0:00
Mathieu Carle 0 0 0 -2 2 2 1 1 0 1 0/0 31:19 8:27 6:54
Matt Corrente 0 0 0 0 4 0 3 2 2 1 0/0 29:21 8:27 6:55
Oskars Bartulis 0 1 1 -1 0 0 1 2 0 0 0/0 12:41 0:00 1:44
Robbie Earl 0 0 0 -2 0 2 1 1 2 1 0/1 21:18 5:25 6:48
Ryan Carter 0 0 0 0 0 0 1 0 2 0 8/14 17:15 6:39 4:06
Ryan Russell 0 0 0 0 0 2 2 1 0 0 1/1 9:52 0:00 2:38
T.J Galiardi 1 0 1 0 0 1 2 0 0 0 1/2 10:50 0:30 2:01
Tim Erixon 0 0 0 0 0 0 0 0 0 0 0/0 1:18 0:00 0:00
Players Stats for Atomiques
Player Name G A P +/- PIM S H SB GA TA FO MP PP MP PK MP
------------------------------------------------------------------------------------
Alex Berry 0 0 0 1 0 1 1 0 0 0 0/0 9:09 0:07 0:00
Alexander Sulzer 0 2 2 1 17 1 2 1 0 3 0/0 27:08 7:07 7:31
Andrew Kozek 0 0 0 0 4 2 3 0 0 1 0/0 17:02 6:46 1:26
Anthony Nigro 0 0 0 0 0 1 0 0 0 0 0/0 1:41 0:46 0:00
Bobby Farnham 0 0 0 -1 0 0 0 0 0 0 0/0 3:51 0:00 0:00
Branko Radivojevic 1 3 4 0 2 6 1 1 0 1 6/9 26:57 6:05 5:44
Brett Sutter 0 0 0 0 0 1 1 0 2 0 4/14 15:59 6:46 0:26
Colby Cohen 0 0 0 1 0 0 0 0 0 0 0/0 7:21 0:00 0:00
Darren Kramer 0 0 0 0 0 0 0 0 0 0 0/0 0:00 0:00 0:00
Davis Drewiske 0 0 0 2 0 1 0 0 0 0 0/0 18:21 4:49 4:23
Dmitri Orlov 0 0 0 -2 0 0 0 1 0 0 0/0 4:31 0:20 0:00
Eric Mestery 0 0 0 -2 0 0 0 3 0 0 0/0 4:11 0:00 0:00
Freddie Hamilton 0 0 0 0 0 0 0 0 0 0 0/0 0:49 0:37 0:00
Fredrik Claesson 0 0 0 0 0 0 0 0 0 0 0/0 1:18 0:00 1:18
John McCarthy 0 0 0 2 2 2 2 0 0 1 0/0 9:22 0:00 0:15
Kenndal McArdle 1 0 1 2 0 4 2 0 0 1 2/3 21:16 6:00 4:12
Kyle Wharton 0 0 0 2 0 0 0 1 0 1 0/0 18:06 4:34 4:23
Mac Bennett 0 0 0 0 0 0 0 0 0 0 0/0 2:11 1:07 0:00
Marc-André Cliche 1 1 2 -1 0 3 0 0 0 0 2/4 3:51 0:00 0:00
Mitch Callahan 0 0 0 0 0 0 1 0 0 0 0/1 2:42 0:16 2:24
Roman Polak 0 0 0 1 0 0 0 0 0 0 0/0 7:56 0:00 0:25
Ryan Shannon 1 0 1 1 2 3 6 0 1 0 0/0 18:21 6:46 2:16
Sean Couturier 1 0 1 1 0 2 0 0 1 0 3/5 10:15 0:00 1:15
Shawn Belle 0 1 1 1 2 2 2 0 0 1 0/0 29:05 8:49 6:42
Tyler Brenner 1 0 1 1 0 3 1 0 0 0 11/32 24:37 6:00 6:44
3 Stars
1 - Branko Radivojevic (STB)
2 - Kenndal McArdle (STB)
3 - Ryan Shannon (STB)
Power Play
Influenza - 0 on 7 Attempt(s) - 0,00%
Atomiques - 2 on 9 Attempt(s) - 22,22%
Penalty Kill
Influenza - 7 on 9 Attempt(s) - 77,78%
- Score 0 goal in Penalty Kill
Atomiques - 7 on 7 Attempt(s) - 100,00%
- Score 0 goal in Penalty Kill
Team Stat
Influenza - Hits : 22 - Faceoff Wins : 40 - Blocked Shots : 9 - Penalty Minutes : 23
Atomiques - Hits : 22 - Faceoff Wins : 28 - Blocked Shots : 7 - Penalty Minutes : 29
Official
Referees : Dwyer Gord and Lee Chris
Linesman : Greg Devorski and Andy McElman
Game Notes
Tim Erixon is injured at 3:55 of 1st period (Right Leg)
Alexander Sulzer and Mark Scheifele fight to a draw at 15:20 of 3rd period
Finance
Level 1 -- Attendance: 1548 (77,40%) -- Ticket Income 54 180 $
Level 2 -- Attendance: 699 (69,90%) -- Ticket Income 10 485 $
Total Attendance: 2247 (74,90%)
Total Ticket Income: 64 665 $
Other Income: 3 233 $
Total Income: 67 898 $
Influenza
5 vs 5 Forward
Center Left Wing Right Wing Time % Phy DF OF
1 Mark Scheifele Jamie Benn Ben Smith 40 1 2 2
2 Evgeny Grachev Robbie Earl Martins Karsums 30 1 2 2
3 Ryan Carter T.J Galiardi Jeremy Morin 20 1 2 2
4 Charlie Coyle Ryan Russell Corey Tropp 10 1 2 2
5 vs 5 Defense
Defense Defense Time % Phy DF OF
1 Mathieu Carle Matt Corrente 40 1 2 2
2 Carl Gunnarsson Jeff May 30 1 2 2
3 Oskars Bartulis Tim Erixon 20 1 2 2
4 Mathieu Carle Matt Corrente 10 1 2 2
PowerPlay Forward
Center Left Wing Right Wing Time % Phy DF OF
1 Ryan Carter Jamie Benn Ben Smith 60 1 2 2
2 Mark Scheifele Robbie Earl Martins Karsums 40 1 2 2
PowerPlay Defense
Defense Defense Time % Phy DF OF
1 Mathieu Carle Matt Corrente 60 1 2 2
2 Carl Gunnarsson Jeff May 40 1 2 2
Penalty Kill 4 Players Forward
Center Wing Time % Phy DF OF
1 Jamie Benn Robbie Earl 60 1 2 2
2 Ryan Carter Ben Smith 40 1 2 2
Penalty Kill 4 Players Defense
Defense Defense Time % Phy DF OF
1 Mathieu Carle Matt Corrente 60 1 2 2
2 Carl Gunnarsson Jeff May 40 1 2 2
Penalty Kill - 3 Players Forward
Forward Time % Phy DF OF
1 Jamie Benn 60 1 2 2
2 Robbie Earl 40 1 2 2
Penalty Kill - 3 Players Defense
Defense Defense Time % Phy DF OF
1 Mathieu Carle Matt Corrente 60 1 2 2
2 Carl Gunnarsson Jeff May 40 1 2 2
4 vs 4 Forward
Center Wing Time % Phy DF OF
1 Jamie Benn Robbie Earl 60 1 2 2
2 Ryan Carter Ben Smith 40 1 2 2
4 vs 4 Defense
Defense Defense Time % Phy DF OF
1 Mathieu Carle Matt Corrente 60 1 2 2
2 Carl Gunnarsson Jeff May 40 1 2 2
Last Minutes Offensive
Center Left Wing Right Wing Defense Defense
Ryan Carter Jamie Benn Ben Smith Mathieu Carle Matt Corrente
Last Minutes Defensive
Center Left Wing Right Wing Defense Defense
Ryan Carter Jamie Benn Ben Smith Mathieu Carle Matt Corrente
Goaltenders
Starting : Thomas McCollum
Backup : Olivier Roy
Extra Forwards
Normal : T.J Galiardi, Jeremy Morin, Ryan Russell - PP : T.J Galiardi, Jeremy Morin - PK : Ryan Russell
Extra Defensemen
Normal : Oskars Bartulis, Tim Erixon, Carl Gunnarsson - PP : Oskars Bartulis - PK : Tim Erixon, Carl Gunnarsson
Penalty Shots
Jamie Benn, Robbie Earl, Ryan Carter, Ben Smith, Martins Karsums
Atomiques
5 vs 5 Forward
Center Left Wing Right Wing Time % Phy DF OF
1 Tyler Brenner Kenndal McArdle Branko Radivojevic 40 1 2 2
2 Brett Sutter Andrew Kozek Ryan Shannon 30 1 2 2
3 Sean Couturier John McCarthy Alex Berry 20 1 2 2
4 Marc-André Cliche Branko Radivojevic Bobby Farnham 10 1 2 2
5 vs 5 Defense
Defense Defense Time % Phy DF OF
1 Alexander Sulzer Shawn Belle 40 1 2 2
2 Davis Drewiske Kyle Wharton 30 1 2 2
3 Roman Polak Colby Cohen 20 1 2 2
4 Dmitri Orlov Eric Mestery 10 1 2 2
PowerPlay Forward
Center Left Wing Right Wing Time % Phy DF OF
1 Tyler Brenner Kenndal McArdle Branko Radivojevic 60 1 2 2
2 Brett Sutter Andrew Kozek Ryan Shannon 40 1 2 2
PowerPlay Defense
Defense Defense Time % Phy DF OF
1 Alexander Sulzer Shawn Belle 60 1 2 2
2 Davis Drewiske Kyle Wharton 40 1 2 2
Penalty Kill 4 Players Forward
Center Wing Time % Phy DF OF
1 Branko Radivojevic Tyler Brenner 60 1 2 2
2 Kenndal McArdle Ryan Shannon 40 1 2 2
Penalty Kill 4 Players Defense
Defense Defense Time % Phy DF OF
1 Alexander Sulzer Shawn Belle 60 1 2 2
2 Davis Drewiske Kyle Wharton 40 1 2 2
Penalty Kill - 3 Players Forward
Forward Time % Phy DF OF
1 Branko Radivojevic 60 1 2 2
2 Tyler Brenner 40 1 2 2
Penalty Kill - 3 Players Defense
Defense Defense Time % Phy DF OF
1 Alexander Sulzer Shawn Belle 60 1 2 2
2 Davis Drewiske Kyle Wharton 40 1 2 2
4 vs 4 Forward
Center Wing Time % Phy DF OF
1 Branko Radivojevic Tyler Brenner 60 1 2 2
2 Kenndal McArdle Ryan Shannon 40 1 2 2
4 vs 4 Defense
Defense Defense Time % Phy DF OF
1 Alexander Sulzer Shawn Belle 60 1 2 2
2 Davis Drewiske Kyle Wharton 40 1 2 2
Last Minutes Offensive
Center Left Wing Right Wing Defense Defense
Tyler Brenner Kenndal McArdle Branko Radivojevic Alexander Sulzer Shawn Belle
Last Minutes Defensive
Center Left Wing Right Wing Defense Defense
Tyler Brenner Kenndal McArdle Branko Radivojevic Alexander Sulzer Shawn Belle
Goaltenders
Starting : Jeremy Smith
Backup : Sergei Bobrovsky
Extra Forwards
Normal : Anthony Nigro, Freddie Hamilton, Mitch Callahan - PP : Anthony Nigro, Freddie Hamilton - PK : Mitch Callahan
Extra Defensemen
Normal : Mac Bennett, Fredrik Claesson, Roman Polak - PP : Mac Bennett - PK : Fredrik Claesson, Roman Polak
Penalty Shots
Branko Radivojevic, Tyler Brenner, Kenndal McArdle, Ryan Shannon, Brett Sutter
% Time on Ice - Influenza
Lines # - Real PCT - Wanted PCT - Time Play
Normal Forward
1 - 38% - 40% - 12:27
2 - 23% - 30% - 7:38
3 - 19% - 20% - 6:06
4 - 20% - 10% - 6:33
Normal Defense
1 - 36% - 40% - 11:40
2 - 26% - 30% - 8:38
3 - 34% - 20% - 11:11
4 - 4% - 10% - 1:15
PP Forward
1 - 56% - 60% - 6:56
2 - 44% - 40% - 5:25
PP Defense
1 - 68% - 60% - 8:27
2 - 32% - 40% - 3:54
PK Forward
1 - 69% - 60% - 9:17
2 - 31% - 40% - 4:06
PK Defense
1 - 74% - 60% - 9:51
2 - 26% - 40% - 3:32
PK3 Forward
1 - 0% - 60%
2 - 0% - 40%
PK3 Defense
1 - 0% - 60%
2 - 0% - 40%
44 Forward
1 - 80% - 60% - 1:14
2 - 20% - 40% - 0:18
44 Defense
1 - 89% - 60% - 1:22
2 - 11% - 40% - 0:10
Last Minute Offensive - 0:00
Last Minute Defensive - 0:00
Total
Forward - 60:00
Defense - 60:00
|
% Time on Ice - Atomiques
Lines # - Real PCT - Wanted PCT - Time Play
Normal Forward
1 - 33% - 40% - 10:57
2 - 27% - 30% - 8:56
3 - 27% - 20% - 9:00
4 - 12% - 10% - 3:51
Normal Defense
1 - 38% - 40% - 12:31
2 - 27% - 30% - 8:41
3 - 22% - 20% - 7:21
4 - 13% - 10% - 4:11
PP Forward
1 - 49% - 60% - 6:37
2 - 51% - 40% - 6:46
PP Defense
1 - 66% - 60% - 8:49
2 - 34% - 40% - 4:34
PK Forward
1 - 75% - 60% - 9:14
2 - 25% - 40% - 3:07
PK Defense
1 - 65% - 60% - 7:58
2 - 35% - 40% - 4:23
PK3 Forward
1 - 0% - 60%
2 - 0% - 40%
PK3 Defense
1 - 0% - 60%
2 - 0% - 40%
44 Forward
1 - 78% - 60% - 1:12
2 - 22% - 40% - 0:20
44 Defense
1 - 70% - 60% - 1:04
2 - 30% - 40% - 0:28
Last Minute Offensive - 0:00
Last Minute Defensive - 0:00
Total
Forward - 60:00
Defense - 60:00
|
Play by Play
1st period
0:01 of 1st period - Mark Scheifele wins face-off versus Tyler Brenner in neutral zone.
0:08 of 1st period - Wrist shot by Mark Scheifele.
0:08 of 1st period - Shot Misses the Net.
0:10 of 1st period - Snap shot by Mathieu Carle.
0:10 of 1st period - Stopped by Jeremy Smith with a rebound.
0:45 of 1st period - Tyler Brenner is hit by T.J Galiardi and loses puck.
1:02 of 1st period - Snap shot by Robbie Earl.
1:02 of 1st period - Stopped by Jeremy Smith with a rebound.
1:04 of 1st period - Backhand shot by Jeff May.
1:04 of 1st period - Shot Blocked by Kyle Wharton.
1:06 of 1st period - Wrist shot by Martins Karsums.
1:06 of 1st period - Deflect By Robbie Earl.
1:06 of 1st period - Shot Misses the Net.
1:06 of 1st period - Puck is out of play.
1:07 of 1st period - Mark Scheifele wins face-off versus Sean Couturier in Atomiques zone.
1:10 of 1st period - Wrist shot by Jamie Benn.
1:10 of 1st period - Stopped by Jeremy Smith with a rebound.
1:32 of 1st period - Colby Cohen is hit by Ryan Russell.
1:43 of 1st period - Icing by Andrew Kozek.
1:44 of 1st period - Evgeny Grachev wins face-off versus Brett Sutter in Atomiques zone.
2:01 of 1st period - Slapshot by Brett Sutter.
2:01 of 1st period - Deflect By Ryan Shannon.
2:01 of 1st period - Deflect By Mathieu Carle.
2:01 of 1st period - Stopped by Thomas McCollum with a rebound.
2:19 of 1st period - Snap shot by Ryan Shannon.
2:19 of 1st period - Shot Misses the Net.
2:24 of 1st period - Off-side.
2:25 of 1st period - Marc-André Cliche wins face-off versus Ryan Carter in neutral zone.
2:28 of 1st period - Carl Gunnarsson is hit by Branko Radivojevic.
2:40 of 1st period - Wrist shot by Marc-André Cliche.
2:40 of 1st period - Stopped by Thomas McCollum with a rebound.
2:54 of 1st period - Snap shot by Robbie Earl.
2:54 of 1st period - Shot Misses the Net.
2:56 of 1st period - Slapshot by Robbie Earl.
2:56 of 1st period - Shot Misses the Net.
3:54 of 1st period - Tim Erixon is hit by John McCarthy and loses puck.
3:55 of 1st period - Tim Erixon from Influenza is injured at 3:55 of 1st period (Right Leg).
3:56 of 1st period - Tyler Brenner wins face-off versus Jamie Benn in Influenza zone.
4:21 of 1st period - Martins Karsums is hit by Alex Berry and loses puck.
4:30 of 1st period - Sean Couturier is hit by Martins Karsums and loses puck.
5:02 of 1st period - Minor Penalty to Martins Karsums for High sticking.
5:03 of 1st period - Jamie Benn wins face-off versus Tyler Brenner in Influenza zone.
5:28 of 1st period - Matt Corrente is hit by Andrew Kozek.
5:38 of 1st period - Alexander Sulzer is hit by Ben Smith and loses puck.
7:02 of 1st period - Penalty to Martins Karsums is over, Martins Karsums is back on ice.
7:26 of 1st period - Slapshot by John McCarthy.
7:26 of 1st period - Shot Misses the Net.
7:32 of 1st period - Wrist shot by Sean Couturier.
7:32 of 1st period - Shot Misses the Net.
7:34 of 1st period - Snap shot by John McCarthy.
7:34 of 1st period - Stopped by Thomas McCollum with a rebound.
7:43 of 1st period - Icing by Mathieu Carle.
7:44 of 1st period - Charlie Coyle wins face-off versus Marc-André Cliche in Influenza zone.
7:57 of 1st period - Wrist shot by Branko Radivojevic.
7:57 of 1st period - Stopped by Thomas McCollum with a rebound.
8:18 of 1st period - Off-side.
8:19 of 1st period - Evgeny Grachev wins face-off versus Tyler Brenner in neutral zone.
8:33 of 1st period - Slapshot by Evgeny Grachev.
8:33 of 1st period - Stopped by Jeremy Smith with a rebound.
8:35 of 1st period - Snap shot by Robbie Earl.
8:35 of 1st period - Deflect By Martins Karsums.
8:35 of 1st period - Stopped by Jeremy Smith with a rebound.
8:52 of 1st period - Snap shot by Ben Smith.
8:52 of 1st period - Stopped by Jeremy Smith with a rebound.
8:54 of 1st period - Wrist shot by Ben Smith.
8:54 of 1st period - Deflect By Jamie Benn.
8:54 of 1st period - Stopped by Jeremy Smith with a rebound.
9:13 of 1st period - Wrist shot by Ryan Carter.
9:13 of 1st period - Shot Blocked by Dmitri Orlov.
9:15 of 1st period - Slapshot by Oskars Bartulis.
9:15 of 1st period - Shot Blocked by Eric Mestery.
9:17 of 1st period - Snap shot by Carl Gunnarsson.
9:17 of 1st period - Shot Misses the Net.
9:19 of 1st period - Snap shot by T.J Galiardi.
9:19 of 1st period - Goal by T.J Galiardi - Influenza : 1 - Atomiques : 0.
9:20 of 1st period - Mark Scheifele wins face-off versus Brett Sutter in neutral zone.
9:50 of 1st period - Off-side.
9:51 of 1st period - Kenndal McArdle wins face-off versus Evgeny Grachev in neutral zone.
9:58 of 1st period - Wrist shot by Branko Radivojevic.
9:58 of 1st period - Shot Misses the Net.
10:15 of 1st period - Off-side.
10:16 of 1st period - Mark Scheifele wins face-off versus Brett Sutter in neutral zone.
10:21 of 1st period - Snap shot by Ryan Shannon.
10:21 of 1st period - Stopped by Thomas McCollum with a rebound.
10:37 of 1st period - Minor Penalty to Matt Corrente for Hooking.
10:38 of 1st period - Jamie Benn wins face-off versus Kenndal McArdle in Influenza zone.
10:38 of 1st period - Jamie Benn is hit by Kenndal McArdle.
10:48 of 1st period - Wrist shot by Tyler Brenner.
10:48 of 1st period - Goal by Tyler Brenner - Influenza : 1 - Atomiques : 1.
10:49 of 1st period - Tyler Brenner wins face-off versus Ryan Carter in neutral zone.
10:56 of 1st period - Snap shot by Branko Radivojevic.
10:56 of 1st period - Stopped by Thomas McCollum with a rebound.
11:00 of 1st period - Snap shot by Tyler Brenner.
11:00 of 1st period - Shot Misses the Net.
11:02 of 1st period - Slapshot by Shawn Belle.
11:02 of 1st period - Deflect By Branko Radivojevic.
11:02 of 1st period - Shot Misses the Net.
11:02 of 1st period - Puck is out of play.
11:03 of 1st period - Evgeny Grachev wins face-off versus Tyler Brenner in Influenza zone.
11:18 of 1st period - Slapshot by Martins Karsums.
11:18 of 1st period - Shot Misses the Net.
11:25 of 1st period - Icing by Alexander Sulzer.
11:26 of 1st period - Mark Scheifele wins face-off versus Tyler Brenner in Atomiques zone.
11:31 of 1st period - Snap shot by Jamie Benn.
11:31 of 1st period - Stopped by Jeremy Smith with a rebound.
11:43 of 1st period - Snap shot by Tyler Brenner.
11:43 of 1st period - Deflect By Branko Radivojevic.
11:43 of 1st period - Stopped by Thomas McCollum with a rebound.
11:51 of 1st period - Wrist shot by Tyler Brenner.
11:51 of 1st period - Deflect By Branko Radivojevic.
11:51 of 1st period - Shot Misses the Net.
11:51 of 1st period - Puck is out of play.
11:52 of 1st period - Ryan Carter wins face-off versus Brett Sutter in Influenza zone.
12:59 of 1st period - Mark Scheifele is hit by Andrew Kozek and loses puck.
13:07 of 1st period - Off-side.
13:08 of 1st period - Martins Karsums wins face-off versus Tyler Brenner in neutral zone.
13:31 of 1st period - Snap shot by Ben Smith.
13:31 of 1st period - Shot Misses the Net.
13:53 of 1st period - Snap shot by John McCarthy.
13:53 of 1st period - Shot Blocked by Jeremy Morin.
14:11 of 1st period - Slapshot by Carl Gunnarsson.
14:11 of 1st period - Shot Blocked by Alexander Sulzer.
14:13 of 1st period - Slapshot by Carl Gunnarsson.
14:13 of 1st period - Stopped by Jeremy Smith without a rebound.
14:14 of 1st period - Kenndal McArdle wins face-off versus Charlie Coyle in Atomiques zone.
14:44 of 1st period - Off-side.
14:45 of 1st period - Evgeny Grachev wins face-off versus Brett Sutter in neutral zone.
15:10 of 1st period - Wrist shot by T.J Galiardi.
15:10 of 1st period - Shot Misses the Net.
15:12 of 1st period - Snap shot by Mathieu Carle.
15:12 of 1st period - Stopped by Jeremy Smith without a rebound.
15:13 of 1st period - Ryan Carter wins face-off versus Tyler Brenner in Atomiques zone.
15:18 of 1st period - Snap shot by Ryan Carter.
15:18 of 1st period - Shot Misses the Net.
15:40 of 1st period - Mathieu Carle is hit by John McCarthy and loses puck.
15:51 of 1st period - Snap shot by Ben Smith.
15:51 of 1st period - Shot Misses the Net.
15:57 of 1st period - Minor Penalty to Andrew Kozek for Holding.
15:58 of 1st period - Ryan Carter wins face-off versus Branko Radivojevic in Atomiques zone.
16:09 of 1st period - Wrist shot by Ben Smith.
16:09 of 1st period - Deflect By Ryan Carter.
16:09 of 1st period - Shot Blocked by Branko Radivojevic.
16:09 of 1st period - Puck is out of play.
16:10 of 1st period - Branko Radivojevic wins face-off versus Ryan Carter in Atomiques zone.
17:57 of 1st period - Penalty to Andrew Kozek is over, Andrew Kozek is back on ice.
18:15 of 1st period - Wrist shot by Brett Sutter.
18:15 of 1st period - Stopped by Thomas McCollum without a rebound.
18:16 of 1st period - Sean Couturier wins face-off versus Charlie Coyle in Influenza zone.
18:30 of 1st period - Minor Penalty to John McCarthy for Hooking.
18:31 of 1st period - Branko Radivojevic wins face-off versus Ryan Carter in Atomiques zone.
18:31 of 1st period - Branko Radivojevic is hit by Ben Smith.
19:46 of 1st period - Mathieu Carle is hit by Ryan Shannon and loses puck.
Goals for this period are 1 for Influenza vs 1 for Atomiques.
Shots for this period are 11 for Influenza vs 9 for Atomiques.
2nd period
0:01 of 2nd period - Ryan Carter wins face-off versus Branko Radivojevic in neutral zone.
0:30 of 2nd period - Penalty to John McCarthy is over, John McCarthy is back on ice.
0:37 of 2nd period - Snap shot by Ryan Shannon.
0:37 of 2nd period - Goal by Ryan Shannon - Influenza : 1 - Atomiques : 2.
0:38 of 2nd period - Tyler Brenner wins face-off versus Mark Scheifele in neutral zone.
0:41 of 2nd period - Wrist shot by Branko Radivojevic.
0:41 of 2nd period - Shot Hit the Post.
1:03 of 2nd period - Mathieu Carle is hit by Ryan Shannon and loses puck.
1:33 of 2nd period - Snap shot by Jeremy Morin.
1:33 of 2nd period - Stopped by Jeremy Smith with a rebound.
1:35 of 2nd period - Snap shot by Ryan Carter.
1:35 of 2nd period - Shot Misses the Net.
1:42 of 2nd period - Icing by John McCarthy.
1:43 of 2nd period - Sean Couturier wins face-off versus Charlie Coyle in Atomiques zone.
1:43 of 2nd period - Sean Couturier is hit by Jeff May.
1:50 of 2nd period - Off-side.
1:51 of 2nd period - Mark Scheifele wins face-off versus Tyler Brenner in neutral zone.
2:06 of 2nd period - Alexander Sulzer is hit by Mark Scheifele and loses puck.
2:13 of 2nd period - Minor Penalty to Jamie Benn for Holding.
2:14 of 2nd period - Ryan Russell wins face-off versus Tyler Brenner in Influenza zone.
2:39 of 2nd period - Ryan Russell is hit by Andrew Kozek and loses puck.
2:46 of 2nd period - Snap shot by Ryan Shannon.
2:46 of 2nd period - Shot Misses the Net.
2:48 of 2nd period - Snap shot by Brett Sutter.
2:48 of 2nd period - Shot Misses the Net.
3:46 of 2nd period - Shawn Belle is hit by Matt Corrente and loses puck.
4:00 of 2nd period - Icing by Andrew Kozek.
4:01 of 2nd period - Brett Sutter wins face-off versus Mark Scheifele in Atomiques zone.
4:13 of 2nd period - Penalty to Jamie Benn is over, Jamie Benn is back on ice.
4:32 of 2nd period - Slapshot by Carl Gunnarsson.
4:32 of 2nd period - Shot Misses the Net.
5:12 of 2nd period - Off-side.
5:13 of 2nd period - Evgeny Grachev wins face-off versus Sean Couturier in neutral zone.
5:49 of 2nd period - Snap shot by Robbie Earl.
5:49 of 2nd period - Stopped by Jeremy Smith with a rebound.
5:51 of 2nd period - Slapshot by Jeff May.
5:51 of 2nd period - Stopped by Jeremy Smith with a rebound.
5:53 of 2nd period - Slapshot by Jeff May.
5:53 of 2nd period - Shot Misses the Net.
5:55 of 2nd period - Wrist shot by Robbie Earl.
5:55 of 2nd period - Shot Misses the Net.
6:06 of 2nd period - Icing by Alexander Sulzer.
6:07 of 2nd period - Mark Scheifele wins face-off versus Tyler Brenner in Atomiques zone.
6:10 of 2nd period - Slapshot by Mark Scheifele.
6:10 of 2nd period - Stopped by Jeremy Smith without a rebound.
6:11 of 2nd period - Brett Sutter wins face-off versus Mark Scheifele in Atomiques zone.
6:27 of 2nd period - Slapshot by Brett Sutter.
6:27 of 2nd period - Deflect By Andrew Kozek.
6:27 of 2nd period - Stopped by Thomas McCollum with a rebound.
6:43 of 2nd period - Slapshot by John McCarthy.
6:43 of 2nd period - Stopped by Thomas McCollum with a rebound.
6:48 of 2nd period - Off-side.
6:49 of 2nd period - Tyler Brenner wins face-off versus Evgeny Grachev in neutral zone.
7:16 of 2nd period - Mathieu Carle is hit by Ryan Shannon and loses puck.
7:33 of 2nd period - T.J Galiardi is hit by Shawn Belle and loses puck.
7:40 of 2nd period - Shawn Belle is hit by T.J Galiardi.
7:56 of 2nd period - Slapshot by Tyler Brenner.
7:56 of 2nd period - Shot Blocked by Carl Gunnarsson.
7:58 of 2nd period - Snap shot by Kenndal McArdle.
7:58 of 2nd period - Stopped by Thomas McCollum with a rebound.
8:00 of 2nd period - Slapshot by Davis Drewiske.
8:00 of 2nd period - Stopped by Thomas McCollum without a rebound.
8:01 of 2nd period - Tyler Brenner wins face-off versus Mark Scheifele in Influenza zone.
8:30 of 2nd period - Slapshot by Ryan Russell.
8:30 of 2nd period - Shot Misses the Net.
8:40 of 2nd period - Wrist shot by Kenndal McArdle.
8:40 of 2nd period - Shot Blocked by Ryan Russell.
8:42 of 2nd period - Snap shot by Branko Radivojevic.
8:42 of 2nd period - Shot Blocked by Oskars Bartulis.
9:06 of 2nd period - Snap shot by Kenndal McArdle.
9:06 of 2nd period - Shot Misses the Net.
9:08 of 2nd period - Slapshot by Kenndal McArdle.
9:08 of 2nd period - Stopped by Thomas McCollum without a rebound.
9:09 of 2nd period - Ben Smith wins face-off versus Brett Sutter in Influenza zone.
9:09 of 2nd period - Ben Smith is hit by Ryan Shannon.
9:15 of 2nd period - Wrist shot by Ryan Shannon.
9:15 of 2nd period - Shot Misses the Net.
9:17 of 2nd period - Snap shot by Shawn Belle.
9:17 of 2nd period - Shot Hit the Post.
9:19 of 2nd period - Snap shot by Andrew Kozek.
9:19 of 2nd period - Stopped by Thomas McCollum with a rebound.
9:21 of 2nd period - Slapshot by Shawn Belle.
9:21 of 2nd period - Stopped by Thomas McCollum with a rebound.
9:23 of 2nd period - Wrist shot by Andrew Kozek.
9:23 of 2nd period - Shot Blocked by Matt Corrente.
9:31 of 2nd period - Minor Penalty to Mathieu Carle for Hooking.
9:32 of 2nd period - Brett Sutter wins face-off versus Jamie Benn in Influenza zone.
10:01 of 2nd period - Slapshot by Matt Corrente.
10:01 of 2nd period - Shot Misses the Net.
11:31 of 2nd period - Penalty to Mathieu Carle is over, Mathieu Carle is back on ice.
11:38 of 2nd period - Ryan Shannon is hit by Ryan Russell and loses puck.
11:45 of 2nd period - Ryan Shannon is hit by Jeff May and loses puck.
13:00 of 2nd period - Slapshot by Ryan Russell.
13:00 of 2nd period - Shot Blocked by Eric Mestery.
13:02 of 2nd period - Slapshot by Ryan Russell.
13:02 of 2nd period - Stopped by Jeremy Smith without a rebound.
13:03 of 2nd period - Charlie Coyle wins face-off versus Marc-André Cliche in Atomiques zone.
13:12 of 2nd period - Snap shot by Corey Tropp.
13:12 of 2nd period - Stopped by Jeremy Smith with a rebound.
13:14 of 2nd period - Wrist shot by Carl Gunnarsson.
13:14 of 2nd period - Shot Misses the Net.
13:16 of 2nd period - Snap shot by Charlie Coyle.
13:16 of 2nd period - Deflect By Ryan Russell.
13:16 of 2nd period - Stopped by Jeremy Smith with a rebound.
13:18 of 2nd period - Snap shot by Ryan Russell.
13:18 of 2nd period - Shot Misses the Net.
13:20 of 2nd period - Snap shot by Ryan Russell.
13:20 of 2nd period - Shot Misses the Net.
13:22 of 2nd period - Slapshot by Ryan Russell.
13:22 of 2nd period - Shot Blocked by Eric Mestery.
13:24 of 2nd period - Slapshot by Carl Gunnarsson.
13:24 of 2nd period - Stopped by Jeremy Smith with a rebound.
13:26 of 2nd period - Slapshot by Carl Gunnarsson.
13:26 of 2nd period - Stopped by Jeremy Smith with a rebound.
13:28 of 2nd period - Slapshot by Jeff May.
13:28 of 2nd period - Deflect By Corey Tropp.
13:28 of 2nd period - Goal by Corey Tropp - Influenza : 2 - Atomiques : 2.
13:29 of 2nd period - Mark Scheifele wins face-off versus Brett Sutter in neutral zone.
13:36 of 2nd period - Andrew Kozek is hit by Mark Scheifele and loses puck.
15:11 of 2nd period - Minor Penalty to Mark Scheifele for Hooking.
15:12 of 2nd period - Jamie Benn wins face-off versus Tyler Brenner in Influenza zone.
15:41 of 2nd period - Off-side.
15:42 of 2nd period - Ryan Carter wins face-off versus Tyler Brenner in neutral zone.
15:54 of 2nd period - Ryan Carter is hit by Tyler Brenner and loses puck.
17:05 of 2nd period - Ryan Shannon is hit by Mathieu Carle.
17:11 of 2nd period - Penalty to Mark Scheifele is over, Mark Scheifele is back on ice.
17:37 of 2nd period - Colby Cohen is hit by Evgeny Grachev and loses puck.
18:12 of 2nd period - Eric Mestery is hit by Jamie Benn and loses puck.
19:21 of 2nd period - Wrist shot by Marc-André Cliche.
19:21 of 2nd period - Stopped by Thomas McCollum without a rebound.
19:22 of 2nd period - Mark Scheifele wins face-off versus Brett Sutter in Influenza zone.
19:22 of 2nd period - Mark Scheifele is hit by Brett Sutter.
19:25 of 2nd period - Minor Penalty to Ben Smith for Interference.
19:26 of 2nd period - Jamie Benn wins face-off versus Tyler Brenner in Influenza zone.
19:36 of 2nd period - Jamie Benn is hit by Shawn Belle and loses puck.
19:51 of 2nd period - Alexander Sulzer is hit by Matt Corrente and loses puck.
Goals for this period are 1 for Influenza vs 1 for Atomiques.
Shots for this period are 10 for Influenza vs 9 for Atomiques.
3rd period
0:01 of 3rd period - Tyler Brenner wins face-off versus Jamie Benn in neutral zone.
0:04 of 3rd period - Slapshot by Shawn Belle.
0:04 of 3rd period - Stopped by Thomas McCollum without a rebound.
0:05 of 3rd period - Jamie Benn wins face-off versus Tyler Brenner in Influenza zone.
0:16 of 3rd period - Slapshot by Branko Radivojevic.
0:16 of 3rd period - Goal by Branko Radivojevic - Influenza : 2 - Atomiques : 3.
0:17 of 3rd period - Mark Scheifele wins face-off versus Tyler Brenner in neutral zone.
0:20 of 3rd period - Slapshot by Mathieu Carle.
0:20 of 3rd period - Deflect By Mark Scheifele.
0:20 of 3rd period - Stopped by Jeremy Smith without a rebound.
0:21 of 3rd period - Tyler Brenner wins face-off versus Mark Scheifele in Atomiques zone.
0:35 of 3rd period - Minor Penalty to Branko Radivojevic for Hooking.
0:36 of 3rd period - Jamie Benn wins face-off versus Mitch Callahan in Atomiques zone.
1:34 of 3rd period - Ben Smith is hit by Mitch Callahan and loses puck.
2:35 of 3rd period - Penalty to Branko Radivojevic is over, Branko Radivojevic is back on ice.
2:43 of 3rd period - Snap shot by Branko Radivojevic.
2:43 of 3rd period - Stopped by Thomas McCollum without a rebound.
2:44 of 3rd period - Marc-André Cliche wins face-off versus Charlie Coyle in Influenza zone.
2:49 of 3rd period - Wrist shot by Marc-André Cliche.
2:49 of 3rd period - Goal by Marc-André Cliche - Influenza : 2 - Atomiques : 4.
2:50 of 3rd period - Mark Scheifele wins face-off versus Tyler Brenner in neutral zone.
2:52 of 3rd period - Minor Penalty to Matt Corrente for Tripping.
2:53 of 3rd period - Jamie Benn wins face-off versus Tyler Brenner in Influenza zone.
4:52 of 3rd period - Penalty to Matt Corrente is over, Matt Corrente is back on ice.
4:57 of 3rd period - Mathieu Carle is hit by Alexander Sulzer and loses puck.
5:10 of 3rd period - Icing by John McCarthy.
5:11 of 3rd period - Sean Couturier wins face-off versus T.J Galiardi in Atomiques zone.
5:18 of 3rd period - Wrist shot by Alex Berry.
5:18 of 3rd period - Stopped by Thomas McCollum without a rebound.
5:19 of 3rd period - T.J Galiardi wins face-off versus Tyler Brenner in Influenza zone.
5:26 of 3rd period - Snap shot by Branko Radivojevic.
5:26 of 3rd period - Stopped by Thomas McCollum with a rebound.
5:28 of 3rd period - Snap shot by Kenndal McArdle.
5:28 of 3rd period - Goal by Kenndal McArdle - Influenza : 2 - Atomiques : 5.
5:29 of 3rd period - Tyler Brenner wins face-off versus Mark Scheifele in neutral zone.
5:38 of 3rd period - Minor Penalty to Shawn Belle for Elbowing.
5:39 of 3rd period - Ryan Carter wins face-off versus Tyler Brenner in Atomiques zone.
7:38 of 3rd period - Penalty to Shawn Belle is over, Shawn Belle is back on ice.
7:40 of 3rd period - Shawn Belle is hit by Jeff May and loses puck.
7:47 of 3rd period - Slapshot by Alexander Sulzer.
7:47 of 3rd period - Deflect By Jeff May.
7:47 of 3rd period - Stopped by Thomas McCollum without a rebound.
7:48 of 3rd period - Charlie Coyle wins face-off versus Brett Sutter in Influenza zone.
8:09 of 3rd period - Minor Penalty to Andrew Kozek for High sticking.
8:10 of 3rd period - Branko Radivojevic wins face-off versus Ryan Carter in Atomiques zone.
8:44 of 3rd period - Alexander Sulzer is hit by Robbie Earl and loses puck.
10:09 of 3rd period - Penalty to Andrew Kozek is over, Andrew Kozek is back on ice.
10:33 of 3rd period - Matt Corrente is hit by Ryan Shannon and loses puck.
11:14 of 3rd period - Snap shot by Sean Couturier.
11:14 of 3rd period - Shot Blocked by Oskars Bartulis.
11:16 of 3rd period - Snap shot by Sean Couturier.
11:16 of 3rd period - Goal by Sean Couturier - Influenza : 2 - Atomiques : 6.
11:17 of 3rd period - Mark Scheifele wins face-off versus Tyler Brenner in neutral zone.
11:42 of 3rd period - Martins Karsums is hit by Alexander Sulzer and loses puck.
11:50 of 3rd period - Minor Penalty to Ryan Shannon for Hooking.
11:51 of 3rd period - Ryan Carter wins face-off versus Branko Radivojevic in Atomiques zone.
13:50 of 3rd period - Penalty to Ryan Shannon is over, Ryan Shannon is back on ice.
14:02 of 3rd period - Davis Drewiske is hit by Oskars Bartulis and loses puck.
14:07 of 3rd period - Slapshot by John McCarthy.
14:07 of 3rd period - Shot Misses the Net.
14:09 of 3rd period - Snap shot by Sean Couturier.
14:09 of 3rd period - Stopped by Thomas McCollum without a rebound.
14:10 of 3rd period - Brett Sutter wins face-off versus Charlie Coyle in Influenza zone.
14:55 of 3rd period - Kenndal McArdle is hit by Matt Corrente.
15:01 of 3rd period - Snap shot by Kenndal McArdle.
15:01 of 3rd period - Deflect By Branko Radivojevic.
15:01 of 3rd period - Shot Blocked by Mathieu Carle.
15:01 of 3rd period - Puck is out of play.
15:02 of 3rd period - Tyler Brenner wins face-off versus Mark Scheifele in Influenza zone.
15:09 of 3rd period - Snap shot by Tyler Brenner.
15:09 of 3rd period - Deflect By Kenndal McArdle.
15:09 of 3rd period - Shot Misses the Net.
15:09 of 3rd period - Puck is out of play.
15:10 of 3rd period - Tyler Brenner wins face-off versus Ben Smith in Influenza zone.
15:20 of 3rd period - Alexander Sulzer and Mark Scheifele fight to a draw.
15:20 of 3rd period - Penalty to Alexander Sulzer for Fighting.
15:20 of 3rd period - Penalty to Mark Scheifele for Fighting.
15:20 of 3rd period - Penalty to Alexander Sulzer for instigated a fight.
15:20 of 3rd period - Penalty to Alexander Sulzer for instigated a fight.
15:21 of 3rd period - Branko Radivojevic wins face-off versus Ryan Carter in Influenza zone.
15:26 of 3rd period - Slapshot by Tyler Brenner.
15:26 of 3rd period - Shot Misses the Net.
15:47 of 3rd period - Minor Penalty to Martins Karsums for Hooking.
15:48 of 3rd period - Branko Radivojevic wins face-off versus Jamie Benn in Influenza zone.
15:53 of 3rd period - Snap shot by Branko Radivojevic.
15:53 of 3rd period - Shot Blocked by Robbie Earl.
15:59 of 3rd period - Wrist shot by Tyler Brenner.
15:59 of 3rd period - Stopped by Thomas McCollum without a rebound.
16:00 of 3rd period - Branko Radivojevic wins face-off versus Robbie Earl in Influenza zone.
16:09 of 3rd period - Snap shot by Tyler Brenner.
16:09 of 3rd period - Stopped by Thomas McCollum with a rebound.
16:13 of 3rd period - Slapshot by Tyler Brenner.
16:13 of 3rd period - Shot Blocked by Matt Corrente.
16:15 of 3rd period - Slapshot by Shawn Belle.
16:15 of 3rd period - Shot Misses the Net.
16:45 of 3rd period - Kenndal McArdle is hit by Ben Smith and loses puck.
16:52 of 3rd period - Mathieu Carle is hit by Kenndal McArdle and loses puck.
17:20 of 3rd period - Penalty to Alexander Sulzer is over, Mitch Callahan is send on ice.
17:21 of 3rd period - Snap shot by T.J Galiardi.
17:21 of 3rd period - Shot Misses the Net.
17:35 of 3rd period - Slapshot by Shawn Belle.
17:35 of 3rd period - Deflect By Anthony Nigro.
17:35 of 3rd period - Stopped by Thomas McCollum without a rebound.
17:36 of 3rd period - Ryan Carter wins face-off versus Brett Sutter in Influenza zone.
17:36 of 3rd period - Ryan Carter is hit by Ryan Shannon.
17:47 of 3rd period - Penalty to Martins Karsums is over, Martins Karsums is back on ice.
17:57 of 3rd period - Minor Penalty to Martins Karsums for Hooking.
17:58 of 3rd period - Tyler Brenner wins face-off versus Jamie Benn in Influenza zone.
18:01 of 3rd period - Slapshot by Kenndal McArdle.
18:01 of 3rd period - Stopped by Thomas McCollum without a rebound.
18:02 of 3rd period - Jamie Benn wins face-off versus Tyler Brenner in Influenza zone.
19:07 of 3rd period - Tyler Brenner is hit by Ryan Carter and loses puck.
19:57 of 3rd period - Penalty to Martins Karsums is over, Martins Karsums is back on ice.
Goals for this period are 0 for Influenza vs 4 for Atomiques.
Shots for this period are 1 for Influenza vs 14 for Atomiques.
Back to the Top